 Dungeon Crawl Stone Soup version 0.28-a0-850-g09de17f5b5 (webtiles) character file.

Game seed: 7616599418766302181

28 elagabalus the Skirmisher (level 2, 27/27 HPs)
             Began as a Minotaur Fighter on Nov 13, 2021.
             Quit the game on level 1 of the Dungeon on Nov 14, 2021.
             The game lasted 00:08:29 (634 turns).

elagabalus the Skirmisher (Minotaur Fighter)         Turns: 634, Time: 00:08:31

Health: 27/27      AC: 11    Str: 20    XL:     2   Next: 96%
Magic:  1/1        EV:  6    Int:  5    God:
Gold:   31         SH:  9    Dex:  9    Spells: 1/1 levels left

rFire   . . .      SeeInvis .   a - +0 long sword
rCold   . . .      Faith    .   c - +0 buckler
rNeg    . . .      Spirit   .   i - +0 plate armour
rPois   .          Reflect  +   (helmet restricted)
rElec   .          Harm     .   (no cloak)
rCorr   .          Rampage  .   (no gloves)
Will    .....                   (no boots)
Stlth   ..........              b - amulet of reflection
HPRegen 0.09/turn               (no ring)
MPRegen 0.07/turn               (no ring)

@: no status effects
A: horns 2, retaliatory headbutt
a: no special abilities


You were on level 1 of the Dungeon.
You visited 1 branch of the dungeon, and saw 1 of its levels.

You collected 31 gold pieces.

Inventory:

Hand Weapons
 a - a +0 long sword (weapon)
 n - a +0 dagger
Missiles
 l - 6 atropa-tipped darts (quivered)
 m - 16 poisoned darts
Armour
 c - a +0 buckler (worn)
 i - a +0 plate armour (worn)
Jewellery
 b - an amulet of reflection (around neck)
 f - a ring of ice
 k - a ring of ice
Scrolls
 g - a scroll of magic mapping {unknown}
 h - a scroll of enchant armour {unknown}
Potions
 d - a potion of might
 e - a potion of haste {unknown}
 j - a potion of attraction {unknown}


   Skills:
 - Level 4.0 Fighting
 * Level 3.1 Long Blades
 - Level 4.0 Armour
 - Level 4.0 Shields


You had one spell level left.
You didn't know any spells.
Your spell library contained the following spells:

 Spells                   Type           Power      Damage    Failure   Level
 Ozocubu's Armour         Ice            0%         N/A       100%        3
 Ozocubu's Refrigeration  Ice            0%         4d5       100%        7


Dungeon Overview and Level Annotations

Branches:
Dungeon (1/15)

Altars:


Innate Abilities, Weirdness & Mutations

You have a pair of horns on your head.
You reflexively headbutt those who attack you in melee.


Message History

You block the hobgoblin's attack.
You barely miss the hobgoblin. You headbutt the hobgoblin.
You kill the hobgoblin!
Your Long Blades skill increases to level 3!
You now have 31 gold pieces (gained 7).
You see here a hobgoblin corpse.
Found a fizzy sapphire potion.
j - a fizzy sapphire potion You see here 28 arrows.
Found a ring of ice.
k - a ring of ice 2 jackals come into view.
The jackal barks! x2
You closely miss the jackal. You block the jackal's attack.
You slash the jackal!
You kill the jackal!
The jackal bites you but does no damage.
You completely miss the jackal. The jackal bites you.
The jackal bites you but does no damage.
You slash the jackal!
You kill the jackal!
You see here a jackal corpse.
You see here a rat skeleton.
You see here 16 poisoned darts.
You see here 6 atropa-tipped darts.
l - 6 atropa-tipped darts You see here 16 poisoned darts.
m - 16 poisoned darts A kobold comes into view.
It is wielding a +0 dagger.
The kobold shouts!
You closely miss the kobold. Your headbutt misses the kobold.
The kobold hits you but does no damage. You block the kobold's attack.
You hit the kobold.
You kill the kobold!
Things that are here:
a +0 dagger; a kobold corpse
Things that are here:
a +0 dagger; a kobold corpse
n - a +0 dagger Are you sure you want to abandon this character and quit the game? (Confirm with "yes".)

#..# ###...##.####..#..
.#..# #####.................
....# #.....#######+#######.
#.# #..(..# #.# #. #.#
#.....# #####.##### #. #†#
##.##.# #...'.'...# #. ###.#
#.##.# #.###.###.# #. ....#
#.##.# #.# #.# #.# #. #####
#.##@###'###.###'###.
#.#..+.............'. ##
########.#..###'###.###'###.
.# #...........# #.# #.# #.#
#. .# ##.###.##.##.#
#.###.###.# #. .#
#.....#......# #...'.'...#
#. .# #..###.####..#
#####.##### #. .####..# #.#
#..# #.# #. ##.....###.#
#..#######'#######.


There were no monsters in sight!

Vanquished Creatures
  2 dart slugs (D:1)
  2 ball pythons (D:1)
  2 bats (D:1)
  4 endoplasms (D:1)
  2 giant cockroaches (D:1)
  A goblin (D:1)
  2 hobgoblins (D:1)
  2 jackals (D:1)
  A quokka (D:1)
  A kobold (D:1)
  A rat (D:1)
20 creatures vanquished.

Notes
Turn   | Place    | Note
-------+----------+-------------------------------------------
     0 | D:1      | elagabalus the Minotaur Fighter began the quest for the
                  | Orb.
     0 | D:1      | Reached XP level 1. HP: 19/19 MP: 0/0
   111 | D:1      | Reached XP level 2. HP: 17/27 MP: 1/1
   386 | D:1      | Found a faded altar of an unknown god.
   386 | D:1      | Noticed a sun demon
   634 | D:1      | Quit the game

Illustrated notes

Levels and vault maps discovered:
D:1:      dpeg_arrival_shrine, layout_loops_ring,
          dreamdust_ecumenical_altar_sealed_demon, minmay_door_square

Skill      XL: |  1  2 |
---------------+-------+-----
Fighting       | 4 |  4.0
Shields        | 4 |  4.0
Armour         | 4 |  4.0
Long Blades    | 3 |  3.1

Action                   || total
-------------------------++-------
Melee: Long sword        ||    57
       Headbutt          ||     4
Armor: Scale mail        ||     7
       Plate armour      ||    18
Dodge: Dodged            ||     7
Block: Buckler           ||    16

Table legend: (Time is in decaauts)
 A = Elapsed time spent in this place.
 B = Non-inter-level travel time spent in this place.
 C = Inter-level travel time spent in this place.
 D = Time resting spent in this place.
 E = Time spent auto-exploring this place.
 F = Levels seen in this place.
 G = Mean time per level.
                   A        B        C        D        E       F      G
               +--------+--------+--------+--------+--------+-----+--------+
         Total |    650 |    242 |    408 |      0 |      0 |   1 |  650.0 |
       Dungeon |    650 |    242 |    408 |      0 |      0 |   1 |  650.0 |
               +--------+--------+--------+--------+--------+-----+--------+

Top non-repeatable levels by time:
     D:1: 650 daAuts
